| TOP OF THE 1ST |
|
Hudson Valley Renegades batting - Pitching for Idaho Falls Chukars : RHP Kevin Tumbleson
|
|
Pitching: RHP Kevin Tumbleson
|
|
|
Batting: RHB Isaiah Easter
|
0-0: Called Strike 0-1: Foul Ball, location: 2F 0-2: Ball 1-2: DOUBLE (Flyball, 78D, EV 97.5 MPH)
|
|
Batting: SHB Josif Popovski
|
0-0: Foul Ball, location: 2F 0-1: Swinging Strike 0-2: Strikes out swinging
|
|
Batting: RHB Wil Urban
|
0-0: Called Strike 0-1: 2-RUN HOME RUN (Flyball, 7LD, EV 98.8 MPH), Distance : 361 ft
|
|
Batting: RHB Kevin Kush
|
0-0: Ball 1-0: Reached on error, E5 (Groundball, 56, EV 88.8 MPH)
|
|
Batting: LHB Tony Zizumbo
|
0-0: Called Strike Kevin Kush steals 2nd base 0-1: Ball 1-1: Ball Kevin Kush is caught stealing 3rd base 2-5 2-1: Ball 3-1: Foul Ball, location: 2F 3-2: SINGLE (Groundball, 56, EV 95.0 MPH)
|
|
Batting: SHB Suljo Dokic
|
0-0: Called Strike 0-1: Swinging Strike 0-2: Foul Ball, location: 2F 0-2: 2-RUN HOME RUN (Flyball, 7D, EV 107.5 MPH), Distance : 384 ft
|
|
Pitching: RHP Tony Jimenez
|
|
|
Batting: RHB Nelle Lommen
|
0-0: Ball 1-0: Ground out 4-3 (Groundball, 4, EV 94.4 MPH)
|
| Top of the 1st over - 4 runs, 4 hits, 1 error, 0 left on base; Hudson Valley 4 - Idaho Falls 0 |
| BOTTOM OF THE 1ST |
|
Idaho Falls Chukars batting - Pitching for Hudson Valley Renegades : LHP Richie van Wijngaarden
|
|
Pitching: LHP Richie van Wijngaarden
|
|
|
Batting: RHB Tim Persson
|
0-0: Ball 1-0: Ball 2-0: Called Strike 2-1: Ball 3-1: Base on Balls
|
|
Batting: RHB Kevin Wimberly
|
0-0: Ball 1-0: Called Strike Tim Persson is caught stealing 2nd base 2-4 1-1: Foul Ball, location: 2F 1-2: Strikes out swinging
|
|
Batting: RHB Edwin Ramos
|
0-0: Ball 1-0: Called Strike 1-1: Fly out, F7 (Line Drive, 7, EV 100.6 MPH)
|
| Bottom of the 1st over - 0 runs, 0 hits, 0 errors, 0 left on base; Hudson Valley 4 - Idaho Falls 0 |
| TOP OF THE 2ND |
|
Hudson Valley Renegades batting - Pitching for Idaho Falls Chukars : RHP Tony Jimenez
|
|
Batting: RHB Eddie Zamora
|
0-0: Ball 1-0: Ball 2-0: Called Strike 2-1: Foul Ball, location: 2F 2-2: Ball 3-2: Strikes out looking
|
|
Batting: RHB Jesus Carrillo
|
0-0: Ball 1-0: Ball 2-0: Ball 3-0: Base on Balls
|
|
Batting: RHB Isaiah Easter
|
0-0: Called Strike 0-1: Ball 1-1: SINGLE (Groundball, 56S, EV 60.6 MPH) (infield hit) Jesus Carrillo to second
|
|
Batting: SHB Josif Popovski
|
0-0: Fielders Choice at 2nd, 3-6 (Groundball, 3S, EV 85.0 MPH) Jesus Carrillo to third
|
|
Batting: RHB Wil Urban
|
0-0: Ball Josif Popovski steals 2nd base 1-0: Ball 2-0: Called Strike 2-1: Ball 3-1: Base on Balls
|
|
Pitching: RHP Ryan Crump
|
|
|
Batting: RHB Kevin Kush
|
0-0: Ground out 5-3 (Groundball, 56S, EV 62.5 MPH)
|
| Top of the 2nd over - 0 runs, 1 hit, 0 errors, 3 left on base; Hudson Valley 4 - Idaho Falls 0 |
| BOTTOM OF THE 2ND |
|
Idaho Falls Chukars batting - Pitching for Hudson Valley Renegades : LHP Richie van Wijngaarden
|
|
Batting: RHB Chad Sullivan
|
0-0: Foul Ball, location: 2F 0-1: Ball 1-1: Swinging Strike 1-2: Foul Ball, location: 2F 1-2: Strikes out swinging, 2-3 out at first.
|
|
Batting: LHB Joe Cozart
|
0-0: Ball 1-0: Ground out U3 (Groundball, 3L, EV 110.0 MPH)
|
|
Batting: RHB Chance Argy
|
0-0: Foul Ball, location: 2F 0-1: Ball 1-1: Ball 2-1: Called Strike 2-2: Strikes out swinging
|
| Bottom of the 2nd over - 0 runs, 0 hits, 0 errors, 0 left on base; Hudson Valley 4 - Idaho Falls 0 |
| TOP OF THE 3RD |
|
Hudson Valley Renegades batting - Pitching for Idaho Falls Chukars : RHP Ryan Crump
|
|
Batting: LHB Tony Zizumbo
|
0-0: Ball 1-0: Ball 2-0: Ball 3-0: Base on Balls
|
|
Batting: SHB Suljo Dokic
|
0-0: Called Strike 0-1: Called Strike Tony Zizumbo steals 2nd base 0-2: Ground out 6-3 (Groundball, 6, EV 86.9 MPH)
|
|
Batting: RHB Nelle Lommen
|
0-0: Called Strike 0-1: Foul Ball, location: 2F 0-2: SINGLE (Line Drive, 9S, EV 109.4 MPH) Tony Zizumbo to third Runner from 3rd tries for Home, SAFE, throw by RF to home Nelle Lommen to second
|
|
Batting: RHB Eddie Zamora
|
0-0: Swinging Strike 0-1: Ball 1-1: Ball 2-1: SINGLE (Groundball, 56D, EV 94.4 MPH) Nelle Lommen to third
|
|
Batting: RHB Jesus Carrillo
|
0-0: Ball 1-0: Ball 2-0: Called Strike 2-1: Foul Ball, location: 2F 2-2: Grounds into double play, 6-4-3 (Groundball, 6, EV 87.5 MPH)
|
| Top of the 3rd over - 1 run, 2 hits, 0 errors, 1 left on base; Hudson Valley 5 - Idaho Falls 0 |
| BOTTOM OF THE 3RD |
|
Idaho Falls Chukars batting - Pitching for Hudson Valley Renegades : LHP Richie van Wijngaarden
|
|
Batting: LHB Randy Stapleton
|
0-0: Ball 1-0: Called Strike 1-1: Swinging Strike 1-2: Ball 2-2: Foul Ball, location: 2F 2-2: Strikes out swinging
|
|
Batting: RHB Justin Goff
|
0-0: Ball 1-0: Foul Ball, location: 2F 1-1: Foul Ball, location: 2F 1-2: Ground out 6-3 (Groundball, 6, EV 103.1 MPH)
|
|
Batting: LHB Danny Pacheco
|
0-0: Called Strike 0-1: Swinging Strike 0-2: Ground out 4-3 (Groundball, 4, EV 104.4 MPH)
|
| Bottom of the 3rd over - 0 runs, 0 hits, 0 errors, 0 left on base; Hudson Valley 5 - Idaho Falls 0 |
| TOP OF THE 4TH |
|
Hudson Valley Renegades batting - Pitching for Idaho Falls Chukars : RHP Ryan Crump
|
|
Pitching: RHP Mike Galvin
|
|
|
Batting: RHB Isaiah Easter
|
0-0: SINGLE (Groundball, 56, EV 103.8 MPH) (infield hit)
|
|
Batting: SHB Josif Popovski
|
0-0: Grounds out, U3 (Groundball, 3L, EV 86.9 MPH)
|
|
Batting: RHB Wil Urban
|
0-0: Foul Ball, location: 2F 0-1: Called Strike 0-2: Fly out, F9 (Flyball, 89S, EV 91.9 MPH)
|
|
Batting: RHB Kevin Kush
|
0-0: Called Strike 0-1: Ball 1-1: Ball 2-1: Called Strike 2-2: Ball 3-2: 2-RUN HOME RUN (Flyball, 9D, EV 100.0 MPH), Distance : 382 ft
|
|
Batting: LHB Tony Zizumbo
|
0-0: Ball 1-0: Foul Ball, location: 2F 1-1: DOUBLE (Flyball, 8RXD, EV 109.4 MPH)
|
|
Batting: SHB Suljo Dokic
|
0-0: Called Strike 0-1: Swinging Strike 0-2: Strikes out looking
|
| Top of the 4th over - 2 runs, 3 hits, 0 errors, 1 left on base; Hudson Valley 7 - Idaho Falls 0 |
| BOTTOM OF THE 4TH |
|
Idaho Falls Chukars batting - Pitching for Hudson Valley Renegades : LHP Richie van Wijngaarden
|
|
Batting: RHB Tim Persson
|
0-0: Ball 1-0: SINGLE (Line Drive, 34, EV 110.6 MPH)
|
|
Batting: RHB Kevin Wimberly
|
0-0: Ball Tim Persson steals 2nd, throwing error, E2 Tim Persson to third 1-0: Called Strike 1-1: Swinging Strike 1-2: Ball 2-2: Ball 3-2: Base on Balls
|
|
Batting: RHB Edwin Ramos
|
0-0: Called Strike Kevin Wimberly steals 2nd base 0-1: Ball 1-1: Swinging Strike 1-2: Strikes out looking
|
|
Batting: RHB Chad Sullivan
|
0-0: Ball 1-0: Called Strike 1-1: Ball Wild Pitch! Tim Persson scores Kevin Wimberly to third 2-1: Called Strike 2-2: Foul Ball, location: 2F 2-2: Fly out, F8 (Flyball, 89M, EV 85.0 MPH)
|
|
Batting: LHB Joe Cozart
|
0-0: Foul Ball, location: 2F 0-1: Ball 1-1: SINGLE (Line Drive, 89S, EV 86.2 MPH) Kevin Wimberly scores
|
|
Batting: RHB Chance Argy
|
0-0: Ball 1-0: Swinging Strike 1-1: Swinging Strike 1-2: Ground out 4-3 (Groundball, 4, EV 84.4 MPH)
|
| Bottom of the 4th over - 2 runs, 2 hits, 1 error, 1 left on base; Hudson Valley 7 - Idaho Falls 2 |
| TOP OF THE 5TH |
|
Hudson Valley Renegades batting - Pitching for Idaho Falls Chukars : RHP Mike Galvin
|
|
Batting: RHB Nelle Lommen
|
0-0: Called Strike 0-1: Ball 1-1: Called Strike 1-2: Ball 2-2: Foul Ball, location: 2F 2-2: Ball 3-2: Base on Balls
|
|
Pitching: RHP Bryan Kiefer
|
|
|
Batting: RHB Eddie Zamora
|
0-0: Fly out, F9 (Flyball, 89D, EV 106.9 MPH)
|
|
Batting: RHB Jesus Carrillo
|
0-0: Ball Nelle Lommen is caught stealing 2nd base 2-4 1-0: Foul Ball, location: 2F 1-1: Swinging Strike 1-2: Fly out, F9 (Flyball, 89S, EV 86.2 MPH)
|
| Top of the 5th over - 0 runs, 0 hits, 0 errors, 0 left on base; Hudson Valley 7 - Idaho Falls 2 |
| BOTTOM OF THE 5TH |
|
Idaho Falls Chukars batting - Pitching for Hudson Valley Renegades : LHP Richie van Wijngaarden
|
|
Batting: LHB Randy Stapleton
|
0-0: Called Strike 0-1: Ball 1-1: Swinging Strike 1-2: Strikes out swinging
|
|
Batting: RHB Justin Goff
|
0-0: Ball 1-0: Ball 2-0: Ball 3-0: Called Strike 3-1: Foul Ball, location: 2F 3-2: Foul Ball, location: 2F 3-2: Strikes out swinging
|
|
Batting: LHB Danny Pacheco
|
0-0: Ball 1-0: Ground out U3 (Groundball, 34, EV 86.2 MPH)
|
| Bottom of the 5th over - 0 runs, 0 hits, 0 errors, 0 left on base; Hudson Valley 7 - Idaho Falls 2 |
| TOP OF THE 6TH |
|
Hudson Valley Renegades batting - Pitching for Idaho Falls Chukars : RHP Bryan Kiefer
|
|
Batting: RHB Isaiah Easter
|
0-0: Foul Ball, location: 2F 0-1: Ball 1-1: Reached on error, E6 (Groundball, 6, EV 78.1 MPH)
|
|
Batting: SHB Josif Popovski
|
0-0: Called Strike 0-1: Ball 1-1: Ball Isaiah Easter steals 2nd, throwing error, E2 Isaiah Easter to third 2-1: Swinging Strike 2-2: Ball 3-2: Foul Ball, location: 2F 3-2: Base on Balls
|
|
Batting: RHB Wil Urban
|
0-0: Ball Josif Popovski steals 2nd base 1-0: DOUBLE (Flyball, 8RXD, EV 107.5 MPH) Isaiah Easter scores Josif Popovski scores
|
|
Batting: RHB Kevin Kush
|
0-0: Ball 1-0: Ball 2-0: Called Strike 2-1: Swinging Strike 2-2: Strikes out swinging
|
|
Pitching: RHP Josh Rutledge
|
|
|
Batting: LHB Tony Zizumbo
|
0-0: Called Strike 0-1: Foul Ball, location: 2F 0-2: Foul Ball, location: 2F 0-2: Foul Ball, location: 2F 0-2: Ball 1-2: Foul Ball, location: 2F 1-2: Ball 2-2: Ball 3-2: Foul Ball, location: 2F 3-2: Foul Ball, location: 2F 3-2: Ground out 5-3 (Groundball, 56, EV 80.0 MPH)
|
|
Batting: SHB Suljo Dokic
|
0-0: Called Strike 0-1: Fly out, F7 (Flyball, 78D, EV 88.1 MPH)
|
| Top of the 6th over - 2 runs, 1 hit, 2 errors, 1 left on base; Hudson Valley 9 - Idaho Falls 2 |
| BOTTOM OF THE 6TH |
|
Idaho Falls Chukars batting - Pitching for Hudson Valley Renegades : LHP Richie van Wijngaarden
|
|
Batting: RHB Tim Persson
|
0-0: Ball 1-0: Called Strike 1-1: Ball 2-1: Ball 3-1: Base on Balls
|
|
Batting: RHB Kevin Wimberly
|
0-0: Ball 1-0: Swinging Strike 1-1: Fielders Choice at 2nd, 6-4 (Groundball, 6D, EV 97.5 MPH)
|
|
Pitching: LHP Stephen Robinson
|
|
|
Batting: RHB Edwin Ramos
|
0-0: Ball 1-0: Called Strike 1-1: Ball 2-1: Ball 3-1: Swinging Strike 3-2: Fielders Choice at 2nd, 6-4 (Groundball, 56D, EV 90.6 MPH)
|
|
Batting: RHB Chad Sullivan
|
0-0: Ball 1-0: Foul Ball, location: 2F 1-1: Ball Edwin Ramos steals 2nd base 2-1: Ball 3-1: Called Strike 3-2: Ground out 6-3 (Groundball, 6MS, EV 65.6 MPH)
|
| Bottom of the 6th over - 0 runs, 0 hits, 0 errors, 1 left on base; Hudson Valley 9 - Idaho Falls 2 |
| TOP OF THE 7TH |
|
Hudson Valley Renegades batting - Pitching for Idaho Falls Chukars : RHP Josh Rutledge
|
|
Batting: RHB Nelle Lommen
|
0-0: Ball 1-0: Foul Ball, location: 2F 1-1: Ball 2-1: Foul Ball, location: 2F 2-2: Foul Ball, location: 2F 2-2: SINGLE (Line Drive, 56, EV 96.9 MPH)
|
|
Pitching: RHP Brett Essary
|
|
|
Batting: RHB Eddie Zamora
|
0-0: Grounds into double play, 6-4-3 (Groundball, 6, EV 88.1 MPH)
|
|
Batting: RHB Jesus Carrillo
|
0-0: Ground out 5-3 (Groundball, 56S, EV 89.4 MPH)
|
| Top of the 7th over - 0 runs, 1 hit, 0 errors, 0 left on base; Hudson Valley 9 - Idaho Falls 2 |
| BOTTOM OF THE 7TH |
|
Idaho Falls Chukars batting - Pitching for Hudson Valley Renegades : LHP Stephen Robinson
|
|
Batting: LHB Joe Cozart
|
0-0: Ball 1-0: Ball 2-0: Called Strike 2-1: Ball 3-1: Base on Balls
|
|
Batting: RHB Chance Argy
|
0-0: Called Strike 0-1: Ball 1-1: Ball 2-1: Ball 3-1: Base on Balls Joe Cozart to second
|
|
Batting: LHB Randy Stapleton
|
0-0: Called Strike 0-1: Fly out, F9 (Flyball, 9D, EV 97.5 MPH) Runner from 2nd tags up, SAFE at 3rd with throw by RF
|
|
Batting: RHB Justin Goff
|
0-0: Swinging Strike 0-1: Foul Ball, location: 2F 0-2: Strikes out looking
|
|
Batting: LHB Danny Pacheco
|
0-0: Foul Ball, location: 2F 0-1: Fly out, F7 (Flyball, 7D, EV 106.9 MPH)
|
| Bottom of the 7th over - 0 runs, 0 hits, 0 errors, 2 left on base; Hudson Valley 9 - Idaho Falls 2 |
| TOP OF THE 8TH |
|
Hudson Valley Renegades batting - Pitching for Idaho Falls Chukars : RHP Brett Essary
|
|
Batting: RHB Isaiah Easter
|
0-0: Ball 1-0: Ball 2-0: Ball 3-0: Called Strike 3-1: Called Strike 3-2: Base on Balls
|
|
Batting: SHB Josif Popovski
|
0-0: Ball Isaiah Easter steals 2nd, throwing error, E2 Isaiah Easter to third 1-0: Ball 2-0: Called Strike 2-1: Ball 3-1: Called Strike 3-2: Base on Balls
|
|
Batting: RHB Wil Urban
|
0-0: Called Strike Josif Popovski steals 2nd, throwing error, E2 Isaiah Easter scores Josif Popovski to third 0-1: Foul Ball, location: 2F 0-2: Ball 1-2: Strikes out swinging
|
|
Batting: RHB Kevin Kush
|
0-0: Ball 1-0: Called Strike 1-1: Called Strike 1-2: Ball 2-2: Strikes out swinging
|
|
Batting: LHB Tony Zizumbo
|
0-0: Hit by Pitch
|
|
Batting: SHB Suljo Dokic
|
0-0: Called Strike 0-1: Ball 1-1: Called Strike 1-2: Ball 2-2: Strikes out swinging
|
| Top of the 8th over - 1 run, 0 hits, 2 errors, 2 left on base; Hudson Valley 10 - Idaho Falls 2 |
| BOTTOM OF THE 8TH |
|
Idaho Falls Chukars batting - Pitching for Hudson Valley Renegades : LHP Stephen Robinson
|
|
Batting: RHB Tim Persson
|
0-0: Swinging Strike 0-1: SINGLE (Flyball, 3D, EV 90.0 MPH)
|
|
Batting: RHB Kevin Wimberly
|
0-0: Foul Ball, location: 2F 0-1: Ball 1-1: Foul Ball, location: 2F 1-2: Ball 2-2: Ball 3-2: Fly out, F9 (Flyball, 89S, EV 85.6 MPH)
|
|
Batting: RHB Edwin Ramos
|
0-0: Ball 1-0: Foul Ball, location: 2F 1-1: Foul Ball, location: 2F 1-2: Ball 2-2: Foul Ball, location: 2F 2-2: Strikes out looking
|
|
Batting: RHB Chad Sullivan
|
0-0: Ball 1-0: Ball 2-0: Foul Ball, location: 2F 2-1: Foul Ball, location: 2F 2-2: Strikes out looking
|
| Bottom of the 8th over - 0 runs, 1 hit, 0 errors, 1 left on base; Hudson Valley 10 - Idaho Falls 2 |
| TOP OF THE 9TH |
|
Hudson Valley Renegades batting - Pitching for Idaho Falls Chukars : RHP Brett Essary
|
|
Batting: RHB Nelle Lommen
|
0-0: Called Strike 0-1: Ball 1-1: Ball 2-1: Ball 3-1: Called Strike 3-2: Base on Balls
|
|
Batting: RHB Eddie Zamora
|
0-0: Ball 1-0: Called Strike 1-1: Ball 2-1: Ball 3-1: Base on Balls Nelle Lommen to second
|
|
Batting: RHB Jesus Carrillo
|
0-0: Ball 1-0: Ball 2-0: Called Strike 2-1: Ball 3-1: Base on Balls Nelle Lommen to third Eddie Zamora to second
|
|
Batting: RHB Isaiah Easter
|
0-0: Foul Ball, location: 2F 0-1: Ball 1-1: Swinging Strike 1-2: Foul Ball, location: 2F 1-2: Strikes out swinging
|
|
Batting: SHB Josif Popovski
|
0-0: SINGLE (Flyball, 4MD, EV 83.8 MPH) Nelle Lommen scores Eddie Zamora to third Jesus Carrillo to second
|
|
Batting: RHB Wil Urban
|
0-0: Ball 1-0: Ball 2-0: Called Strike 2-1: Ball 3-1: Foul Ball, location: 2F 3-2: Foul Ball, location: 2F 3-2: Foul Ball, location: 2F 3-2: Foul Ball, location: 2F 3-2: Base on Balls Eddie Zamora scores Jesus Carrillo to third Josif Popovski to second
|
|
Pitching: LHP Ernesto Abreu
|
|
|
Batting: RHB Kevin Kush
|
0-0: Called Strike 0-1: Ball 1-1: Called Strike 1-2: SINGLE (Groundball, 34D, EV 105.6 MPH) Jesus Carrillo scores Josif Popovski to third Wil Urban to second Runner from 3rd tries for Home, SAFE, throw by RF to home
|
|
Batting: LHB Tony Zizumbo
|
0-0: Grounds into double play, 6-4-3 (Groundball, 6, EV 89.4 MPH)
|
| Top of the 9th over - 4 runs, 2 hits, 0 errors, 1 left on base; Hudson Valley 14 - Idaho Falls 2 |
| BOTTOM OF THE 9TH |
|
Idaho Falls Chukars batting - Pitching for Hudson Valley Renegades : LHP Stephen Robinson
|
|
Batting: LHB Joe Cozart
|
0-0: Ball 1-0: Ball 2-0: Foul Ball, location: 2F 2-1: Foul Ball, location: 2F 2-2: Strikes out swinging
|
|
Batting: RHB Chance Argy
|
0-0: Called Strike 0-1: Ball 1-1: Swinging Strike 1-2: Ball 2-2: Strikes out looking
|
|
Batting: LHB Randy Stapleton
|
0-0: Ball 1-0: Ball 2-0: Called Strike 2-1: Ball 3-1: Called Strike 3-2: Ground out 4-3 (Groundball, 4, EV 80.0 MPH)
|
| Bottom of the 9th over - 0 runs, 0 hits, 0 errors, 0 left on base; Hudson Valley 14 - Idaho Falls 2 |
|